 Dungeon Sprint DCSS version 0.30.0-19-g36f170ea60 (webtiles) character file.

Game seed: 6259710958916342714

53 Groucho the Cudgeller (level 3, -1/36 HPs)
             Began as a Gargoyle Gladiator on May 26, 2023.
             Was an Elder of Qazlal.
             Slain by a flying skull (4 damage)
             ... in the Dungeon (Sprint VII: "The Pits").
             The game lasted 00:02:12 (550 turns).

Groucho the Cudgeller (Gargoyle Gladiator)           Turns: 550, Time: 00:02:12

Health: -1/36      AC: 13    Str: 19    XL:     3   Next: 89%
Magic:  4/4        EV: 11    Int:  8    God:    Qazlal [****..]
Gold:   0          SH:  5    Dex: 11    Spells: 2/2 levels left

rFire   . . .        a - +2 mace
rCold   . . .        (no shield)
rNeg    + . .        o - +3 ring mail
rPois   ∞            c - +0 helmet
rElec   +            (no cloak)
rCorr   .            (no gloves)
SInv    .            (no boots)
Will    .....        (no amulet) Stlth
                     (no ring)
HPRegen 0.26/turn    (no ring)
MPRegen 0.09/turn

%: no teleportation, repel missiles
@: berserking, very quick
A: sickness immunity, AC +3, negative energy resistance 1, electricity
resistance, torment resistance 1, petrification resistance
a: Renounce Religion, Upheaval, Elemental Force


You were in the Dungeon.
You worshipped Qazlal.
Qazlal was greatly pleased with you.
You visited 1 branch

Inventory:

Hand Weapons
 a - a +2 mace (weapon)
 b - a +0 flail of protection
Missiles
 d - 3 throwing nets (quivered)
 e - a javelin
Armour
 c - a +0 helmet (worn)
 o - a +3 ring mail (worn)
Scrolls
 k - a scroll of blinking
 m - 5 scrolls of amnesia
 n - a scroll of summoning
Potions
 f - 6 potions of curing
 g - 5 potions of heal wounds
 h - a potion of haste
 i - 4 potions of magic
 j - 2 potions of berserk rage
 l - 2 potions of invisibility


   Skills:
 + Level 4.2 Fighting
 + Level 4.5 Maces & Flails
 - Level 1.7 Throwing
 + Level 3.4 Armour
 + Level 3.7 Dodging
 + Level 2.4 Invocations


You had 2 spell levels left.
You didn't know any spells.
Your spell library was empty.

Dungeon Overview and Level Annotations

Branches:
Dungeon (1/1)

Altars:
Ashenzari
Cheibriados
Dithmenos
Elyvilon
Fedhas
Gozag
Hepliaklqana
Kikubaaqudgha
Makhleb
Nemelex Xobeh
Okawaru
Qazlal
Ru
Sif Muna
Trog
Uskayaw
Vehumet
Wu Jian
Xom
Yredelemnul
Zin
The Shining One
Jiyva
Lugonu


Innate Abilities, Weirdness & Mutations

You are immune to sickness and miasma.
Your stone body is resilient. (AC +3)
You are immune to poison.
You resist negative energy. (rN+)
You are resistant to electric shocks. (rElec)
You are resistant to unholy torment.
You are immune to petrification.


Message History

You closely miss the flying skull. The flying skull hits you.
The flying skull barely misses you.
You hit the flying skull but do no damage.
The flying skull hits you. You block the flying skull's attack.
You miss the flying skull.
The flying skull hits you but does no damage.
The flying skull hits you!
* * * LOW HITPOINT WARNING * * *
You are too injured to fight recklessly!
You feel much better. The flying skull hits you.
A red film seems to cover your vision as you go berserk!
You feel yourself moving faster!
You feel mighty!
The flying skull hits you but does no damage.
The flying skull barely misses you.
You sock the flying skull!
The flying skull is severely damaged.
The orc priest invokes the aid of Beogh against you.
Beogh smites you! The flying skull hits you.
You are too injured to fight recklessly!
You are too injured to fight recklessly!
You are too injured to fight recklessly!
You are too injured to fight recklessly!
Unknown command.
You are too injured to fight recklessly!
You closely miss the flying skull.
The flying skull is severely damaged.
The flying skull hits you!
* * * LOW HITPOINT WARNING * * *
You closely miss the flying skull.
The flying skull is severely damaged.
The flying skull hits you but does no damage.
Unknown command.
You miss the flying skull.
The flying skull is severely damaged.
The flying skull barely misses you. The flying skull hits you.
* * * LOW HITPOINT WARNING * * *
You closely miss the flying skull.
The flying skull is severely damaged.
The flying skull hits you.
You die...

############
#_________.#
#_________.#
#_______...#########
##########'##.......
#.?(.')))).##......#
##########.##.......
#oz@....)...'.......
#'#####'#####......#
#.#..#..#[[##.......
#.#..'..#))#####'###
#.#..####.)##.......
#g#..#..#))##.......
#.#)†#..#..##.......
#g##'#..#'###...<...
#.#........##.......


You could see a flying skull and an orc priest.

Vanquished Creatures
  3 gnolls (D)
  A river rat (D)
  2 endoplasms (D)
  7 jackals (D)
  A ball python (D)
  A ball python zombie (D)
  A bat (D)
  A kobold (D)
17 creatures vanquished.

Notes
Turn   | Place    | Note
-------+----------+-------------------------------------------
     0 | D        | Groucho the Gargoyle Gladiator began the quest for the Orb.
     0 | D        | Reached XP level 1. HP: 12/12 MP: 1/1
    18 | D        | Reached skill level 1 in Armour
    18 | D        | Reached XP level 2. HP: 16/19 MP: 2/2
    45 | D        | Found a bloodstained altar of Trog.
    45 | D        | Found a shimmering blue altar of Sif Muna.
    45 | D        | Found a viscous altar of Jiyva.
    45 | D        | Found a hazy altar of Hepliaklqana.
    45 | D        | Found an opulent altar of Gozag.
    46 | D        | Found a glowing golden altar of the Shining One.
    46 | D        | Found a glowing silver altar of Zin.
    46 | D        | Found a basalt altar of Yredelemnul.
    46 | D        | Found a shimmering altar of Xom.
    46 | D        | Found an ornate altar of the Wu Jian Council.
    46 | D        | Found a sacrificial altar of Ru.
    46 | D        | Found a stormy altar of Qazlal.
    46 | D        | Found an iron altar of Okawaru.
    46 | D        | Found a sparkling altar of Nemelex Xobeh.
    46 | D        | Found a burning altar of Makhleb.
    46 | D        | Found a blossoming altar of Fedhas.
    46 | D        | Found a white marble altar of Elyvilon.
    46 | D        | Found a shadowy altar of Dithmenos.
    46 | D        | Found a snail-covered altar of Cheibriados.
    48 | D        | Found a radiant altar of Vehumet.
    48 | D        | Found a corrupted altar of Lugonu.
    49 | D        | Found a hide-covered altar of Uskayaw.
    49 | D        | Found an ancient bone altar of Kikubaaqudgha.
    49 | D        | Found a broken altar of Ashenzari.
    53 | D        | Became a worshipper of Qazlal Stormbringer
    89 | D        | Reached * piety under Qazlal
    96 | D        | Reached ** piety under Qazlal
   102 | D        | Reached skill level 1 in Invocations
   102 | D        | Reached XP level 3. HP: 12/24 MP: 2/4
   401 | D        | Reached *** piety under Qazlal
   518 | D        | Noticed a flying skull
   536 | D        | Reached **** piety under Qazlal
   550 | D        | Slain by a flying skull

Illustrated notes

Levels and vault maps discovered:
D:        pitsprint [storerooms_1, entrance_room_1, metal_vault_5, armoury_3,
          mini_pit_1, grid_room_1, main_hall_1, silver_pit, the_coven_1,
          the_vestibule_1, steel_vault_3, golden_pit, hallway_of_sentries,
          crystal_vault_2, iron_vault_4, final_vault]

Skill      XL: |  1  2  3 |
---------------+----------+-----
Fighting       | 3 4 |  4.2
Armour         | 1 2 3 |  3.4
Dodging        | 3 |  3.7
Maces & Flails | 4 |  4.5
Invocations    | 1 2 |  2.4
Throwing       | |  1.7

Action                     || total
---------------------------++-------
  Melee: Flail             ||     8
         Mace              ||    51
         Punch             ||     1
    Use: Potion            ||     2
 Armour: Leather armour    ||    22
         Ring mail         ||     5
  Dodge: Dodged            ||    31
  Block: Other             ||     4
